 Dungeon Crawl Stone Soup version 0.19.1-1-g22dce08 (webtiles) character file.

5544 nikopol the Protected (level 10, -3/64 HPs)
             Began as a Gargoyle Berserker on Jan 16, 2017.
             Was a High Priest of Trog.
             Slain by an orc knight
             ... wielding a +0 war axe
              (9 damage)
             ... in a bailey.
             The game lasted 00:33:42 (10442 turns).

nikopol the Protected (Gargoyle Berserker)         Turns: 10442, Time: 00:33:43

Health: -3/64      AC: 23    Str: 21    XL:     10   Next: 71%
Magic:  10/10      EV: 15    Int:  9    God:    Trog [*****.]
Gold:   452        SH:  0    Dex: 11    Spells: 0 memorised, 9 levels left

rFire  . . .     SeeInvis .     a - +0 hand axe (chop)
rCold  . . .     Gourm    .     C - +0 scale mail
rNeg   + . .     Faith    .     (no shield)
rPois  ∞         Spirit   .     H - +1 helmet
rElec  +         Reflect  .     v - +0 cloak
rCorr  .         Harm     .     L - +0 pair of gloves
MR     .....                    y - +2 pair of boots of the Assassin {DetectMon Stab+ Stlth++}
Stlth  ++........               (no amulet)
                                (no ring)
                                F - +3 ring of evasion

@: exhausted, slowed, very slow
A: negative energy resistance 1, electricity resistance, unbreathing,
petrification resistance, rot immunity, AC +7
a: Berserk, Trog's Hand, Brothers in Arms, Burn Spellbooks, Renounce Religion


You were in a bailey.
You worshipped Trog.
Trog was extremely pleased with you.
You were very hungry.

You visited 1 branch of the dungeon, and saw 9 of its levels.
You also visited: Bailey.

You collected 452 gold pieces.

Inventory:

Hand Weapons
 a - a +0 hand axe of chopping (weapon)
 z - a +0 shortbow
Missiles
 f - 91 arrows (quivered)
Armour
 v - a +0 cloak (worn)
 y - the +2 pair of boots of the Assassin (worn) {DetectMon Stab+ Stlth++}
   (You found it on level 4 of the Dungeon)

   It makes you much more stealthy.
 C - a +0 scale mail (worn)
 H - a +1 helmet (worn)
 L - a +0 pair of gloves (worn)
Jewellery
 b - an uncursed ring of wizardry {unknown}
 B - a +2 amulet of reflection {unknown}
 F - a +3 ring of evasion (left hand)
Scrolls
 e - 5 scrolls of recharging
 i - 3 scrolls of amnesia {unknown}
 j - 6 scrolls of remove curse {unknown}
 l - 6 scrolls of enchant weapon {unknown}
 m - 4 scrolls of teleportation {unknown}
 p - 2 scrolls of enchant armour {unknown}
 s - 3 scrolls of blinking {unknown}
 t - 2 scrolls of fear {unknown}
 w - 7 scrolls of identify {unknown}
 D - 2 scrolls of noise {unknown}
 E - 3 scrolls of random uselessness {unknown}
 K - a scroll of silence {unknown}
Potions
 k - a potion of berserk rage {unknown}
 n - 2 potions of lignification {unknown}
 o - a potion of magic {unknown}
 q - a potion of agility {unknown}
 r - a potion of invisibility {unknown}
 u - 3 potions of flight {unknown}
 x - a potion of haste {unknown}
 G - 2 potions of beneficial mutation {unknown}
 I - 3 potions of curing
 J - a potion of heal wounds {unknown}
Books
 A - a book of Frost

   Spells                             Type                      Level
   a - Freeze                         Ice                          1
   b - Throw Frost                    Conjuration/Ice              2
   c - Ozocubu's Armour               Charms/Ice                   3
   d - Throw Icicle                   Conjuration/Ice              4
   e - Summon Ice Beast               Ice/Summoning                4
   Trog disapproves of the use of such an item.
Comestibles
 c - 4 bread rations
 d - 5 meat rations
 g - 6 chunks of flesh
 h - a fruit


   Skills:
 + Level 8.3 Fighting
 * Level 7.9 Axes
 * Level 5.4 Bows
 + Level 8.4 Armour
 + Level 5.8 Dodging


You had 9 spell levels left.
You didn't know any spells.

Dungeon Overview and Level Annotations

Branches:
Dungeon (9/15)             Temple (0/1) D:5            Lair (0/6) D:9
    Orc: D:9-12

Altars:
Gozag
Hepliaklqana
Nemelex Xobeh
Okawaru
Ru
Trog
Uskayaw
Vehumet
Zin
The Shining One

Shops:
D:4 =


Innate Abilities, Weirdness & Mutations

You are resistant to torment.
Your stone body is resilient. (AC +7)
You are immune to poison.
You resist negative energy. (rN+)
You are resistant to electric shocks. (rElec)
You can survive without breathing.
You are immune to petrification.
You are immune to rotting.


Message History

You hit the orc warrior but do no damage.
You hit the goblin.
You kill the goblin!
Trog accepts your kill. The orc warrior completely misses you.
The orc knight hits you but does no damage.
Your iron troll goes berserk!
You are feeling very hungry.
The orc warrior hits your iron troll with a war axe!
The orc knight hits you with a war axe!
* * * LOW HITPOINT WARNING * * *
The orc knight hits your iron troll but does no damage.
You completely miss the orc knight.
The orc knight is severely wounded.
The orc warrior hits your iron troll with a war axe.
Your iron troll bites the orc warrior!
Your iron troll claws the orc warrior!!
The orc warrior dies!
Trog accepts your kill. The orc knight hits you with a war axe!
You die...

#...........# ##
###.........## #.##
###.###.)...###♣
....##
###.....#)#.### ♣
......###.........###
.......#...........#
.......#...........#
.⌠....)#o....⌠.....#
......T).@.........#
......)#)..........#
......###.........##
....## ###.....###
#.# ###.### # ###


You could see an orc knight and a friendly iron troll (berserk).

Vanquished Creatures
  Erica (D:8)
  A catoblepas (D:9)
  The ghost of Thomus the Cleaver, a novice HOFi (Bailey)
  Pikel (D:8)
  Prince Ribbit (D:6)
  Grinder (D:4)
  2 wyverns (D:8)
  Menkaure (D:6)
  6 orc warriors
  4 slaves (D:8)
  A centaur (D:7)
  An ogre (D:6)
  2 bullfrogs
  Blork the orc (D:6)
  A gnoll sergeant (D:8)
  2 scorpions
  2 howler monkeys
  2 crimson imps
  A centaur zombie (D:7)
  3 jellies
  3 hounds
  4 orc wizards
  6 orc priests
  A centaur skeleton (D:6)
  4 iguanas
  3 worker ants
  A hound zombie (D:5)
  A hound skeleton (D:5)
  A worker ant zombie (D:5)
  8 gnolls
  A howler monkey skeleton (D:8)
  11 adders
  2 shadow imps
  2 oozes
  2 dart slugs
  4 leopard geckos
  43 orcs
  7 bats
  11 giant cockroaches
  25 goblins
  14 hobgoblins
  4 jackals (D:3)
  4 quokkas
  2 ball pythons
  5 frilled lizards
  4 kobolds
  A leopard gecko zombie (D:7)
  8 rats
217 creatures vanquished.

Vanquished Creatures (collateral kills)
  An orc warrior (Bailey)
1 creature vanquished.

Grand Total: 218 creatures vanquished

Notes
Turn   | Place    | Note
-------+----------+-------------------------------------------
     0 | D:1      | nikopol the Gargoyle Berserker began the quest for the Orb.
     0 | D:1      | Reached XP level 1. HP: 14/14 MP: 1/1
   198 | D:1      | Reached XP level 2. HP: 13/19 MP: 2/2
   651 | D:1      | Reached XP level 3. HP: 24/24 MP: 3/3
  1180 | D:2      | Reached ** piety under Trog
  1538 | D:2      | Reached XP level 4. HP: 29/29 MP: 4/4
  1930 | D:3      | Reached XP level 5. HP: 16/33 MP: 5/5
  2131 | D:3      | Found a sacrificial altar of Ru.
  2452 | D:4      | Noticed Grinder
  2453 | D:4      | Paralysed by Grinder for 3 turns
  2467 | D:4      | Killed Grinder
  2467 | D:4      | Reached XP level 6. HP: 32/39 MP: 6/6
  2636 | D:4      | Found Anylo's Jewellery Boutique.
  3091 | D:4      | Found an iron altar of Okawaru.
  3416 | D:4      | Reached *** piety under Trog
  3417 | D:4      | Reached skill level 5 in Fighting
  3444 | D:4      | Reached XP level 7. HP: 42/44 MP: 7/7
  3729 | D:5      | Entered Level 5 of the Dungeon
  4206 | D:5      | Found a staircase to the Ecumenical Temple.
  4905 | D:6      | Reached skill level 5 in Armour
  5266 | D:6      | Found a bloodstained altar of Trog.
  5329 | D:6      | Reached XP level 8. HP: 47/51 MP: 8/8
  5374 | D:6      | Noticed Prince Ribbit
  5568 | D:6      | Found a hazy altar of Hepliaklqana.
  5678 | D:6      | Found an opulent altar of Gozag.
  5760 | D:6      | Killed Prince Ribbit
  5760 | D:6      | Reached skill level 5 in Axes
  6006 | D:6      | Noticed Blork the orc
  6017 | D:6      | Killed Blork the orc
  6149 | D:6      | Noticed Menkaure
  6157 | D:6      | Killed Menkaure
  6972 | D:7      | Reached **** piety under Trog
  6972 | D:7      | Reached XP level 9. HP: 28/56 MP: 9/9
  7245 | D:7      | Found a glowing golden altar of the Shining One.
  8009 | D:8      | Noticed Erica
  8043 | D:8      | Killed Erica
  8043 | D:8      | Reached skill level 5 in Dodging
  8786 | D:8      | Noticed Pikel
  8931 | D:8      | Killed Pikel
  8931 | D:8      | Reached XP level 10. HP: 64/64 MP: 10/10
  9103 | D:8      | Received a gift from Trog
  9438 | D:8      | Found a hide-covered altar of Uskayaw.
  9446 | D:8      | Found a radiant altar of Vehumet.
  9454 | D:8      | Found a glowing silver altar of Zin.
  9659 | D:8      | Found a sparkling altar of Nemelex Xobeh.
  9777 | D:9      | Noticed a catoblepas
  9807 | D:9      | Killed a catoblepas
  9934 | D:9      | Found a flagged portal.
  9947 | Bailey   | Entered a bailey
 10178 | Bailey   | Reached skill level 5 in Bows
 10402 | Bailey   | Noticed Thomus's ghost (novice HOFi)
 10403 | Bailey   | Reached ***** piety under Trog
 10418 | Bailey   | Noticed an orc knight
 10429 | Bailey   | Killed Thomus's ghost
 10442 | Bailey   | Slain by an orc knight

Skill      XL: |  1  2  3  4  5  6  7  8  9 10 |
---------------+-------------------------------+-----
Axes           | 3 4 5 7 |  7.9
Dodging        | 2 3 4 5 |  5.8
Armour         | 3 4 5 6 7 8 |  8.4
Fighting       | 4 5 6 7 8 |  8.3
Bows           | 4 5 |  5.4

Action                   |  1- 3 |  4- 6 |  7- 9 | 10-12 || total
-------------------------+-------+-------+-------+-------++-------
Melee: Hand axe          |   132 |   176 |   472 |   163 ||   943
 Fire: Shortbow          |       |       |    19 |    89 ||   108
Invok: Berserk           |       |     1 |    10 |     2 ||    13
       Brothers in Arms  |       |       |       |     1 ||     1
  Use: Scroll            |       |       |       |     2 ||     2
 Stab: Sleeping          |       |     4 |     3 |       ||     7
       Distracted        |       |       |     1 |       ||     1
  Eat: Chunk             |     2 |     7 |    20 |     7 ||    36
       Fruit             |       |       |     3 |       ||     3
       Royal jelly       |       |       |     1 |       ||     1
       Pizza             |       |       |     1 |       ||     1
Armor: Animal skin       |     9 |       |       |       ||     9
       Ring mail         |    54 |    77 |       |       ||   131
       Scale mail        |       |    26 |   216 |    62 ||   304
Dodge: Dodged            |    93 |   143 |   293 |   102 ||   631
